[Event "FIDE WYCC Open U18 2023"]
[Site "Montesilvano"]
[Date "2023.11.20"]
[Round "7.20"]
[White "Unneland, Mathias"]
[Black "Talibov, Shiroghlan"]
[Result "*"]
[ECO "B42"]
[WhiteElo "2197"]
[BlackElo "2362"]
[Annotator "RC"]
[PlyCount "88"]
[EventDate "2023.11.13"]
[EventType "swiss"]
[EventCountry "ITA"]
[SourceTitle "playchess.com"]
[Source "ChessBase"]
[SourceQuality "1"]
[TimeControl "40/5400+30:1800+30"]

1. e4 c5 2. Nf3 e6 3. d4 cxd4 4. Nxd4 a6 5. Bd3 Qc7 6. c4 Nf6 7. Nc3 d6 8. O-O Nbd7 9. f4 g6 10. f5 exf5 11. exf5 Bg7 12. g4 Qc5 13. Be3 Bh6 14. Qe2 O-O 15. Bf2 Re8 16. Be3 Rf8 17. Bf2 Re8 18. Qd1 Rf8 19. Qe2 Re8 20. Qd1 Be3 21. Qe2 Bh6 22. Qd1 Be3 23. Be2 Bh6 24. Bd3 Be3 25. Be2 Ne4 26. Nxe4 Rxe4 27. Nb3 Qb6 28. Qd3 Bxf2+ 29. Rxf2 Rf4 30. Qg3 Qxf2+ 31. Qxf2 Rxf2 32. Kxf2 gxf5 33. gxf5 Nf6 34. Nd4 Bd7 35. Bf3 Rc8 36. b3 Rc7 37. Ke3 b6 38. Rd1 Kf8 39. Nc2 Ke7 40. Kf4 Rc5 41. Ne3 Re5 42. Rd4 h6 43. Rd3 a5 44. Rd2 Bc8 *

[Event "FIDE WYCC Open U18 2023"]
[Site "Montesilvano"]
[Date "2023.11.20"]
[Round "7.21"]
[White "Khoder, Akram"]
[Black "Baranciuc, Alexandr"]
[Result "*"]
[ECO "E04"]
[WhiteElo "2191"]
[BlackElo "2338"]
[Annotator "RC"]
[PlyCount "86"]
[EventDate "2023.11.13"]
[EventType "swiss"]
[EventCountry "ITA"]
[SourceTitle "playchess.com"]
[Source "ChessBase"]
[SourceQuality "1"]
[TimeControl "40/5400+30:1800+30"]

1. d4 d5 2. c4 e6 3. g3 Nf6 4. Bg2 Bb4+ 5. Nd2 O-O 6. Ngf3 dxc4 7. Qc2 b5 8. a4 bxa4 9. O-O a5 10. Ne5 Ra6 11. Ndxc4 Qxd4 12. Be3 Qd8 13. Rfd1 Qe7 14. Qxa4 Nd5 15. Qc2 Nf6 16. Qa4 Nd5 17. Bd2 f6 18. Nd3 Bd7 19. Qc2 Bxd2 20. Qxd2 a4 21. Bxd5 exd5 22. Nb4 Re6 23. Nxd5 Qf7 24. Nxc7 Rc6 25. Nd6 Qb3 26. Ra3 Qc2 27. Ncb5 Qxd2 28. Rxd2 Rc1+ 29. Kg2 Rd8 30. Nc3 Na6 31. Nxa4 Nb4 32. Rc3 Ra1 33. Nb6 Bc6+ 34. f3 Ra6 35. Nbc4 Bd5 36. Nf5 Re8 37. e4 Ba8 38. Rb3 Nc6 39. Ra3 Nb4 40. Rb3 Nc6 41. Rd6 Ra2 42. Rd7 g6 43. Ncd6 Rf8 *

[Event "FIDE WYCC Open U18 2023"]
[Site "Montesilvano"]
[Date "2023.11.20"]
[Round "7.22"]
[White "Sahakyan, Aleks"]
[Black "Krivenko, Dion"]
[Result "1/2-1/2"]
[ECO "E68"]
[WhiteElo "2303"]
[BlackElo "2218"]
[Annotator "RC"]
[PlyCount "102"]
[EventDate "2023.11.13"]
[EventType "swiss"]
[EventCountry "ITA"]
[SourceTitle "playchess.com"]
[Source "ChessBase"]
[SourceQuality "1"]
[TimeControl "40/5400+30:1800+30"]

1. c4 Nf6 2. g3 g6 3. Bg2 Bg7 4. Nc3 O-O 5. d4 d6 6. Nf3 Nbd7 7. O-O e5 8. e4 c6 9. Re1 exd4 10. Nxd4 Ne5 11. b3 Qa5 12. Bb2 a6 13. h3 Qb6 14. Na4 Qc7 15. f4 Ned7 16. Rc1 Re8 17. Nc3 Rb8 18. Kh2 h5 19. Nf3 Nc5 20. Nh4 Bd7 21. Qd2 Rbd8 22. b4 Ne6 23. Nd5 Nxd5 24. cxd5 Nf8 25. Bxg7 Kxg7 26. Qd4+ Kg8 27. Red1 Rc8 28. Nf3 Qd8 29. Ng5 Nh7 30. Nxh7 Kxh7 31. dxc6 Bxc6 32. Qxd6 Qxd6 33. Rxd6 Rcd8 34. Rdd1 Rxd1 35. Rxd1 Bxe4 36. Re1 f5 37. Bxe4 fxe4 38. Kg2 Rc8 39. Rxe4 Rc2+ 40. Kf3 Rxa2 41. Re7+ Kh6 42. g4 Ra3+ 43. Ke4 hxg4 44. hxg4 Ra4 45. Rxb7 a5 46. f5 Rxb4+ 47. Rxb4 gxf5+ 48. gxf5 axb4 49. Kd4 Kg7 50. Kc4 Kf6 51. Kxb4 Kxf5 1/2-1/2

[Event "FIDE WYCC Open U18 2023"]
[Site "Montesilvano"]
[Date "2023.11.20"]
[Round "7.23"]
[White "Orozbaev, Eldiar"]
[Black "Ochedzan, Tymon"]
[Result "1-0"]
[ECO "A35"]
[WhiteElo "2278"]
[BlackElo "2190"]
[Annotator "RC"]
[PlyCount "141"]
[EventDate "2023.11.13"]
[EventType "swiss"]
[EventCountry "ITA"]
[SourceTitle "playchess.com"]
[Source "ChessBase"]
[SourceQuality "1"]
[TimeControl "40/5400+30:1800+30"]

1. e4 c6 2. d4 d5 3. exd5 cxd5 4. c4 Nf6 5. Nc3 Nc6 6. Nf3 g6 7. cxd5 Nxd5 8. Qb3 e6 9. Bg5 Be7 10. Bh6 Bf8 11. Bg5 Be7 12. Bh6 Bf8 13. Bxf8 Kxf8 14. Bc4 Kg7 15. Bxd5 exd5 16. O-O Bg4 17. Ne5 Nxd4 18. Qa4 Ne2+ 19. Nxe2 Bxe2 20. Rfe1 Ba6 21. Ng4 d4 22. Rad1 Qd6 23. Rxd4 Rhe8 24. Ne3 Qf6 25. h4 Rad8 26. Red1 Rxd4 27. Rxd4 Rd8 28. Rxd8 Qxd8 29. h5 Qd6 30. Qh4 h6 31. hxg6 fxg6 32. Qe4 b6 33. Qa4 b5 34. Qa5 b4 35. b3 h5 36. Kh1 Kh6 37. Qd5 Qf6 38. Qc5 Bb7 39. Qxa7 Be4 40. Qc5 Ba8 41. Nc4 Bb7 42. Nd6 Ba8 43. Qe3+ g5 44. Nc4 Bd5 45. Ne5 Qe6 46. f3 Qf5 47. Qd4 Be6 48. Nd3 g4 49. Qe3+ Kg6 50. Nf4+ Kf7 51. fxg4 hxg4 52. Kh2 Bd7 53. Kg3 Qc2 54. Qd3 Qc7 55. Qg6+ Ke7 56. Qe4+ Kf7 57. Qxb4 Qe5 58. Qc4+ Kf8 59. Qe2 Qc3+ 60. Qd3 Qe1+ 61. Kh2 Qh4+ 62. Kg1 Qe1+ 63. Qf1 Qe3+ 64. Qf2 Qc1+ 65. Kh2 Kg8 66. Qd4 Qe1 67. Qd5+ Kf8 68. Ng6+ Kg7 69. Qe5+ Qxe5+ 70. Nxe5 Be6 71. Kg3 1-0

[Event "FIDE WYCC Open U18 2023"]
[Site "Montesilvano"]
[Date "2023.11.20"]
[Round "7.25"]
[White "Ang, Ern Jie Anderson"]
[Black "Dreelinck, Adriaan"]
[Result "0-1"]
[ECO "E68"]
[WhiteElo "2103"]
[BlackElo "2264"]
[Annotator "RC"]
[PlyCount "166"]
[EventDate "2023.11.13"]
[EventType "swiss"]
[EventCountry "ITA"]
[SourceTitle "playchess.com"]
[Source "ChessBase"]
[SourceQuality "1"]
[TimeControl "40/5400+30:1800+30"]

1. d4 Nf6 2. c4 g6 3. g3 Bg7 4. Bg2 d6 5. Nf3 O-O 6. O-O Nbd7 7. Nc3 e5 8. e4 exd4 9. Nxd4 Re8 10. h3 Nc5 11. Re1 h6 12. b3 a5 13. Bb2 a4 14. b4 a3 15. Bc1 Ne6 16. Nb3 Nd7 17. Qc2 Nb6 18. Qd3 Na4 19. Bd2 Ng5 20. Kh2 Nb2 21. Qe2 Be6 22. Nd5 Nxc4 23. Qxc4 Bxa1 24. Nxa1 c6 25. Qd4 cxd5 26. exd5 Bd7 27. Rxe8+ Bxe8 28. h4 Nh7 29. Bc3 f6 30. Nc2 h5 31. Ne3 Rc8 32. Be4 Qe7 33. Nd1 Kg7 34. Bd2 Qe5 35. Qd3 f5 36. Bf3 Nf6 37. Bc3 Qe7 38. Ne3 Kf7 39. Bd4 Ra8 40. Ng2 Nd7 41. Qd2 Ne5 42. Be2 Ba4 43. Qh6 Qf8 44. Qg5 Qg8 45. Ne3 Qg7 46. Nc4 Ng4+ 47. Bxg4 Qxd4 48. Nxd6+ Kf8 49. Bf3 Be8 50. Kg2 Bf7 51. Nxb7 Bxd5 52. Qh6+ Kf7 53. Qh7+ Kf6 54. Nc5 Bxf3+ 55. Kxf3 Qd5+ 56. Kf4 Qe5+ 57. Kf3 Qd5+ 58. Kf4 Rd8 59. Qa7 Qd1 60. Qxa3 Qg4+ 61. Ke3 Re8+ 62. Kd2 Re2+ 63. Kc3 Qf3+ 64. Nd3 Qc6+ 65. Nc5 Qf3+ 66. Nd3 Qc6+ 67. Nc5 Rxf2 68. Qc1 Qf3+ 69. Nd3 Qc6+ 70. Nc5 Rf3+ 71. Kc4 Rxg3 72. Qh6 Rg4+ 73. Kc3 Qe8 74. Nd3 Qc8+ 75. Nc5 Qe8 76. Nd3 Rxh4 77. b5 Qc8+ 78. Kd2 Rh2+ 79. Ke3 Qe6+ 80. Kd4 Rh4+ 81. Kc3 Qc4+ 82. Kd2 Rh2+ 83. Ke1 Qe4+ 0-1

[Event "FIDE WYCC Open U18 2023"]
[Site "Montesilvano"]
[Date "2023.11.20"]
[Round "7.26"]
[White "Arun Kataria"]
[Black "Novosel, Lovro"]
[Result "0-1"]
[ECO "B94"]
[WhiteElo "2034"]
[BlackElo "2375"]
[Annotator "RC"]
[PlyCount "72"]
[EventDate "2023.11.13"]
[EventType "swiss"]
[EventCountry "ITA"]
[SourceTitle "playchess.com"]
[Source "ChessBase"]
[SourceQuality "1"]
[TimeControl "40/5400+30:1800+30"]

1. e4 c5 2. Nf3 d6 3. d4 cxd4 4. Nxd4 Nf6 5. Nc3 a6 6. Bg5 Nbd7 7. Bc4 Qb6 8. Bb3 e6 9. Bxf6 Nxf6 10. Qd2 Be7 11. O-O-O O-O 12. f4 Nd7 13. g4 Nc5 14. g5 Bd7 15. Kb1 Qd8 16. Rhg1 b5 17. Qe3 b4 18. Nce2 Nxb3 19. cxb3 Re8 20. Qg3 Bf8 21. Qh4 Qc7 22. Ng3 g6 23. Nc2 a5 24. Ne3 a4 25. Ng4 Bg7 26. bxa4 Rxa4 27. Nf6+ Bxf6 28. gxf6 Rxa2 29. Rc1 Ra1+ 30. Kxa1 Qa7+ 31. Kb1 b3 32. Rc4 Qxg1+ 33. Rc1 Qe3 34. Rc3 Qe1+ 35. Rc1 Qd2 36. Rc3 Qd1+ 0-1

[Event "FIDE WYCC Open U18 2023"]
[Site "Montesilvano"]
[Date "2023.11.20"]
[Round "7.27"]
[White "Manish Anto Cristiano F"]
[Black "Brnusak, Tomas"]
[Result "1/2-1/2"]
[ECO "C55"]
[WhiteElo "2366"]
[BlackElo "2171"]
[Annotator "RC"]
[PlyCount "108"]
[EventDate "2023.11.13"]
[EventType "swiss"]
[EventCountry "ITA"]
[SourceTitle "playchess.com"]
[Source "ChessBase"]
[SourceQuality "1"]
[TimeControl "40/5400+30:1800+30"]

1. e4 e5 2. Nf3 Nc6 3. Bc4 Nf6 4. d3 h6 5. O-O d6 6. c3 g5 7. Nbd2 Bg7 8. Bb3 a5 9. Nc4 O-O 10. Ne3 Ne7 11. Re1 Ng6 12. Nf5 Bxf5 13. exf5 Ne7 14. d4 Nxf5 15. dxe5 dxe5 16. Nxe5 Qxd1 17. Rxd1 a4 18. Bc2 Nd6 19. a3 Rfe8 20. Nf3 Ng4 21. h3 Ne5 22. Nxe5 Bxe5 23. Bd3 f5 24. f4 Bxf4 25. Bxf4 gxf4 26. Rf1 Re3 27. Rad1 f3 28. gxf3 Kf7 29. Kf2 Rae8 30. Rg1 Kf6 31. Bf1 Nf7 32. h4 R3e6 33. Bb5 R8e7 34. Rd2 Ne5 35. Rg8 Rb6 36. Be8 Rxb2 37. Rxb2 Nd3+ 38. Kg3 Nxb2 39. Rg6+ Ke5 40. Bb5 Re6 41. Rg7 c6 42. Rxb7 Rg6+ 43. Kh2 cxb5 44. Rxb5+ Kf4 45. Rxb2 Kxf3 46. c4 f4 47. c5 Ke3 48. Rb6 Rg8 49. Rxh6 f3 50. Re6+ Kf2 51. c6 Rg4 52. Kh3 Rg3+ 53. Kh2 Rg4 54. Kh3 Rg3+ 1/2-1/2

[Event "FIDE WYCC Open U18 2023"]
[Site "Montesilvano"]
[Date "2023.11.20"]
[Round "7.28"]
[White "Krallis, Christos"]
[Black "Pegno, Mattia"]
[Result "0-1"]
[ECO "A34"]
[WhiteElo "2339"]
[BlackElo "2155"]
[Annotator "RC"]
[PlyCount "70"]
[EventDate "2023.11.13"]
[EventType "swiss"]
[EventCountry "ITA"]
[SourceTitle "playchess.com"]
[Source "ChessBase"]
[SourceQuality "1"]
[TimeControl "40/5400+30:1800+30"]

1. c4 c5 2. Nc3 Nc6 3. Nf3 e5 4. e3 Nf6 5. Be2 Be7 6. d4 exd4 7. exd4 d5 8. O-O O-O 9. Bg5 cxd4 10. Bxf6 dxc3 11. Bxc3 Be6 12. cxd5 Qxd5 13. Qa4 Rfd8 14. Rfe1 a6 15. a3 Qf5 16. Nh4 Qg5 17. Nf3 Qf5 18. Rad1 b5 19. Rxd8+ Bxd8 20. Qd1 Bf6 21. Bd3 Qf4 22. g3 Qh6 23. Be4 Bxc3 24. Bxc6 Bxe1 25. Bxa8 Ba5 26. b4 Bb6 27. Qd6 Qc1+ 28. Kg2 Qc7 29. Qd1 Bxf2 30. Be4 Bb6 31. Ng5 Qe5 32. Bxh7+ Kf8 33. Be4 Ke7 34. Qc1 f6 35. Qc6 fxg5 0-1

[Event "FIDE WYCC Open U18 2023"]
[Site "Montesilvano"]
[Date "2023.11.20"]
[Round "7.29"]
[White "Nikolov, Yavor"]
[Black "Frank, Adam"]
[Result "1/2-1/2"]
[ECO "C48"]
[WhiteElo "2067"]
[BlackElo "2330"]
[Annotator "RC"]
[PlyCount "105"]
[EventDate "2023.11.13"]
[EventType "swiss"]
[EventCountry "ITA"]
[SourceTitle "playchess.com"]
[Source "ChessBase"]
[SourceQuality "1"]
[TimeControl "40/5400+30:1800+30"]

1. e4 Nf6 2. Nc3 e5 3. Nf3 Nc6 4. Bb5 Nd4 5. Nxd4 exd4 6. Ne2 c6 7. Ba4 d5 8. exd5 Qxd5 9. O-O Bd6 10. d3 Bg4 11. f3 Bd7 12. Bf4 O-O 13. Bb3 Qc5 14. Qd2 Rae8 15. Rae1 h6 16. Bxd6 Qxd6 17. Qf4 Qxf4 18. Nxf4 Rxe1 19. Rxe1 Re8 20. Rxe8+ Nxe8 21. Ne2 c5 22. Ng3 Kf8 23. Bd5 b6 24. Ne4 Ke7 25. Kf2 Ba4 26. b3 Bd7 27. a4 Nc7 28. Bb7 Bf5 29. Ng3 Be6 30. Ke2 g6 31. Ne4 f5 32. Nd2 Bd5 33. Bxd5 Nxd5 34. Nc4 Ke6 35. g3 g5 36. Na3 h5 37. Kf2 a6 38. Ke2 Ke5 39. Kf2 Kd6 40. Nc4+ Ke6 41. g4 hxg4 42. fxg4 fxg4 43. Kg3 b5 44. axb5 axb5 45. Nd2 Nf6 46. Nb1 Kd6 47. Nd2 Kc6 48. b4 cxb4 49. Nb3 Kd5 50. Nd2 Kd6 51. Nb3 Ke5 52. Na5 Kd5 53. Nb3 1/2-1/2

[Event "FIDE WYCC Open U18 2023"]
[Site "Montesilvano"]
[Date "2023.11.20"]
[Round "7.30"]
[White "Marakovits, Nico"]
[Black "Prisacaru, Stefan-Emilian"]
[Result "1/2-1/2"]
[ECO "A85"]
[WhiteElo "2324"]
[BlackElo "2148"]
[Annotator "RC"]
[PlyCount "99"]
[EventDate "2023.11.13"]
[EventType "swiss"]
[EventCountry "ITA"]
[SourceTitle "playchess.com"]
[Source "ChessBase"]
[SourceQuality "1"]
[TimeControl "40/5400+30:1800+30"]

1. c4 e6 2. Nc3 d5 3. d4 c6 4. e3 f5 5. Bd3 Nf6 6. Nf3 Ne4 7. Ne5 Qh4 8. O-O Nd7 9. cxd5 exd5 10. f3 Nxc3 11. bxc3 Nxe5 12. dxe5 Bc5 13. Kh1 O-O 14. f4 Be6 15. a4 Rf7 16. Rf3 Qe7 17. Rg3 Qf8 18. Bd2 Rd8 19. Qe2 Rdd7 20. Rf1 Qd8 21. Rh3 g6 22. Be1 Be7 23. Rg1 Rg7 24. Rh6 Qf8 25. Qd1 c5 26. Bc2 a6 27. Bh4 Rf7 28. Bxe7 Qxh6 29. Bxc5 Rg7 30. Bb3 g5 31. g3 Qg6 32. Bd6 Qf7 33. Qd4 gxf4 34. exf4 h5 35. h4 Kh7 36. Kh2 Rd8 37. Bd1 Rc8 38. Be2 Qe8 39. a5 Qc6 40. Bb4 Kh6 41. Rd1 Rcg8 42. Rd3 Qc7 43. Re3 Qd8 44. Rd3 Qc7 45. Bd1 Rg6 46. Bb3 Qg7 47. Qf2 Qf7 48. Qd4 Qg7 49. Qf2 Qf7 50. Qd4 1/2-1/2

[Event "FIDE WYCC Open U18 2023"]
[Site "Montesilvano"]
[Date "2023.11.20"]
[Round "7.31"]
[White "Goroshkov, Maksym"]
[Black "Qalichava, Akaki"]
[Result "1-0"]
[ECO "B41"]
[WhiteElo "2303"]
[BlackElo "2141"]
[Annotator "RC"]
[PlyCount "131"]
[EventDate "2023.11.13"]
[EventType "swiss"]
[EventCountry "ITA"]
[SourceTitle "playchess.com"]
[Source "ChessBase"]
[SourceQuality "1"]
[TimeControl "40/5400+30:1800+30"]

1. e4 c5 2. Nf3 e6 3. c4 a6 4. Nc3 Nc6 5. d4 cxd4 6. Nxd4 Qc7 7. Be3 Nf6 8. Be2 Bb4 9. f3 Bd6 10. g3 h5 11. f4 Bb4 12. e5 Ne4 13. Qc2 Nxc3 14. bxc3 Be7 15. O-O d6 16. exd6 Bxd6 17. Qe4 Bd7 18. Rab1 O-O 19. Bxh5 Nxd4 20. Bxd4 Qxc4 21. Qxb7 Bc6 22. Qb3 Qd3 23. Qd1 Be4 24. Qg4 g6 25. Rbd1 Qb5 26. Rfe1 Bf5 27. Qg5 Bc5 28. Bf3 Bxd4+ 29. cxd4 Rac8 30. g4 Bc2 31. Qxb5 axb5 32. Rd2 b4 33. Kf2 b3 34. axb3 Bxb3 35. Re3 Ba4 36. f5 exf5 37. gxf5 gxf5 38. Bb7 Rc7 39. Rg3+ Kh7 40. Bg2 f4 41. Rg4 Bd7 42. Rxf4 f5 43. Bf1 Kg6 44. Bd3 Kg5 45. Kg3 Rc1 46. h4+ Kf6 47. Bf1 Be6 48. Kh2 Bd5 49. Rdf2 Ke6 50. h5 Re1 51. Kh3 Re4 52. Bg2 Rxf4 53. Bxd5+ Kxd5 54. Rxf4 Ke6 55. h6 Kf6 56. Rh4 Kg5 57. h7 Rh8 58. d5 f4 59. Rg4+ Kf6 60. Rxf4+ Ke5 61. Rh4 Kxd5 62. Kg4 Ke6 63. Kg5 Kf7 64. Kh6 Kf6 65. Rf4+ Ke5 66. Rf1 1-0

[Event "FIDE WYCC Open U18 2023"]
[Site "Montesilvano"]
[Date "2023.11.20"]
[Round "7.32"]
[White "Melian, Juan Sebastian"]
[Black "Miazhynski, Michael"]
[Result "1/2-1/2"]
[ECO "B15"]
[WhiteElo "2291"]
[BlackElo "2109"]
[Annotator "RC"]
[PlyCount "62"]
[EventDate "2023.11.13"]
[EventType "swiss"]
[EventCountry "ITA"]
[SourceTitle "playchess.com"]
[Source "ChessBase"]
[SourceQuality "1"]
[TimeControl "40/5400+30:1800+30"]

1. e4 c6 2. d4 d5 3. f3 dxe4 4. Nc3 e5 5. dxe5 Qxd1+ 6. Kxd1 exf3 7. Nxf3 Be6 8. Nd4 Ne7 9. Nxe6 fxe6 10. Ne4 Ng6 11. Ng5 Nxe5 12. Nxe6 Kd7 13. Nxf8+ Rxf8 14. Be2 Kc7 15. Rf1 Rxf1+ 16. Bxf1 Nbd7 17. Be2 Rf8 18. Ke1 Nb6 19. Bd2 Nd5 20. g3 b5 21. a4 b4 22. c4 bxc3 23. bxc3 Nf3+ 24. Bxf3 Rxf3 25. Ke2 Rf7 26. a5 c5 27. Ra4 Re7+ 28. Kf3 Rf7+ 29. Ke4 Kc6 30. Kd3 Rf3+ 31. Kc2 Rf2 1/2-1/2

[Event "FIDE WYCC Open U18 2023"]
[Site "Montesilvano"]
[Date "2023.11.21"]
[Round "8.1"]
[White "Czernek, Tymon"]
[Black "Pasti, Aron"]
[Result "1-0"]
[ECO "C24"]
[WhiteElo "2329"]
[BlackElo "2397"]
[Annotator "RC"]
[PlyCount "67"]
[EventDate "2023.11.13"]
[EventType "swiss"]
[EventCountry "ITA"]
[SourceTitle "playchess.com"]
[Source "ChessBase"]
[SourceQuality "1"]
[TimeControl "40/5400+30:1800+30"]

1. e4 e5 2. Nf3 Nc6 3. Bc4 Nf6 4. d3 d5 5. exd5 Nxd5 6. O-O Bc5 7. Bb5 O-O 8. Bxc6 bxc6 9. Nxe5 Qf6 10. d4 Bd6 11. c4 Nf4 12. Nc3 Bxe5 13. dxe5 Qxe5 14. Re1 Qf5 15. Bxf4 Qxf4 16. Qa4 Be6 17. b3 Qd4 18. Qa5 Qb6 19. Qe5 Rfe8 20. Na4 Qb4 21. Re3 Qd6 22. Rae1 h6 23. h3 Rad8 24. Qa5 Qd2 25. Qxa7 Qxa2 26. Qxc7 Rd2 27. Qxc6 Rb8 28. Qf3 Qa3 29. Rd1 Rbd8 30. Rxd2 Rxd2 31. Kh2 Qd6+ 32. Qg3 Qa3 33. Qf4 Qc1 34. Rd3 1-0

[Event "FIDE WYCC Open U18 2023"]
[Site "Montesilvano"]
[Date "2023.11.21"]
[Round "8.2"]
[White "Ohanyan, Emin"]
[Black "Bacojo, Mark Jay"]
[Result "0-1"]
[ECO "B14"]
[WhiteElo "2466"]
[BlackElo "2335"]
[Annotator "RC"]
[PlyCount "86"]
[EventDate "2023.11.13"]
[EventType "swiss"]
[EventCountry "ITA"]
[SourceTitle "playchess.com"]
[Source "ChessBase"]
[SourceQuality "1"]
[TimeControl "40/5400+30:1800+30"]

1. e4 c6 2. d4 d5 3. exd5 cxd5 4. c4 Nf6 5. Nc3 Nc6 6. Nf3 e6 7. Be2 Be7 8. O-O O-O 9. Bf4 b6 10. Ne5 Bb7 11. Bf3 Rc8 12. cxd5 Nxe5 13. dxe5 Nxd5 14. Nxd5 Bxd5 15. Bxd5 Qxd5 16. Qxd5 exd5 17. Rad1 Rfd8 18. Rd2 Rc4 19. Bg3 Bb4 20. Rd3 h5 21. Rfd1 h4 22. b3 Re4 23. f3 Re2 24. Bxh4 Rc8 25. g4 Rcc2 26. Bg3 d4 27. Kf1 Bc3 28. a4 g5 29. Kg1 Bd2 30. Kf1 Be3 31. Re1 Rg2 32. Rdxe3 dxe3 33. Rxe3 Rb2 34. e6 fxe6 35. Rxe6 Rgc2 36. Rg6+ Kf7 37. Rxg5 Rb1+ 38. Be1 Rxh2 39. Re5 Rxb3 40. f4 Rbb2 41. Kg1 Rhg2+ 42. Kf1 Rxg4 43. Re4 Rgg2 0-1

[Event "FIDE WYCC Open U18 2023"]
[Site "Montesilvano"]
[Date "2023.11.21"]
[Round "8.3"]
[White "Murzin, Volodar"]
[Black "Elmi, Saad Abobaker"]
[Result "1-0"]
[ECO "A07"]
[WhiteElo "2625"]
[BlackElo "2321"]
[Annotator "TA"]
[PlyCount "69"]
[EventDate "2023.11.13"]
[EventType "swiss"]
[EventCountry "ITA"]
[SourceTitle "playchess.com"]
[Source "ChessBase"]
[SourceQuality "1"]
[TimeControl "40/5400+30:1800+30"]

1. Nf3 d5 2. g3 Nf6 3. Bg2 e6 4. O-O Be7 5. d3 O-O 6. Nbd2 a5 {A07: Réti Opening: New York and Capablanca Systems.} 7. a4 Nc6 8. e4 dxe4 {The position is equal.} 9. dxe4 e5 10. c3 b6 {[#]} 11. Nc4 $146 ({Predecessor:} 11. Re1 Be6 12. Bf1 Bc5 13. Bb5 Na7 14. Nxe5 Nxb5 15. axb5 Qd6 16. Ndf3 Qxd1 17. Rxd1 Nxe4 {½-½ Pour Agha Bala,A (2449)-Petrosyan,M (2609) Tsaghkadzor ChessMood op 2022 (3)}) 11... Ba6 ({Less strong is} 11... Nxe4 12. Nfxe5 Nxe5 13. Bxe4 Nxc4 14. Bxa8 $16) 12. Nfxe5 Nxe5 13. Nxe5 {Threatens to win with Nc6.} Bxf1 14. Qxf1 Qe8 {Repels Nc6. Black is weak on the light squares} 15. Qc4 {[%mdl 1024] White has compensation.} (15. Be3 {simplifies} Bd6 16. Nc4 Nxe4 17. Nxd6 Nxd6 18. Bxa8 Qxa8 19. Rd1) 15... Bd6 16. Nc6 Ng4 $1 17. f4 {Prevents Ne5} Bc5+ 18. Nd4 Rd8 {...Qc6 is the strong threat.} (18... Qc6 $5 19. b3 Rad8 $11) 19. h3 Qc6 {[#]} 20. Kh1 ({White should try} 20. Kf1 $1 Nh2+ 21. Ke2) 20... Nf2+ 21. Kh2 Qh6 {[#]} (21... Qg6 $142 22. Qe2 Bxd4) 22. Qe2 $1 $36 {[%mdl 2048] White is really pushing.} Rxd4 {This costs Black the game.} (22... Nxe4 $16 23. Qxe4 Rfe8) 23. cxd4 $18 Bxd4 24. f5 Qc6 25. e5 Qe8 26. Bf4 g5 27. fxg6 (27. Bxg5 Qxe5 28. Qf3 (28. Qxe5 Bxe5 29. Rf1 Nd3 $14) 28... Re8 $14) 27... hxg6 28. Rf1 Qe7 29. Rxf2 Bxf2 30. Qxf2 Rd8 {[#]} 31. e6 $1 {[%mdl 64] Deflection} Qxe6 (31... fxe6 32. Qc2) 32. Bxc7 {A strong pair of Bishops. White is clearly winning.} Rd1 33. Bxb6 Re1 34. Bxa5 Re2 35. Qf3 {Weighted Error Value: White=0.07 (flawless) /Black=0.43} ({Not} 35. Qd4 Qc6 36. Qg1 (36. Qd8+ Kh7 $11) 36... Rxb2 $18) 1-0

[Event "FIDE WYCC Open U18 2023"]
[Site "Montesilvano"]
[Date "2023.11.21"]
[Round "8.4"]
[White "Prraneeth Vuppala"]
[Black "Olsson, William"]
[Result "1-0"]
[ECO "D13"]
[WhiteElo "2512"]
[BlackElo "2372"]
[Annotator "RC"]
[PlyCount "43"]
[EventDate "2023.11.13"]
[EventType "swiss"]
[EventCountry "ITA"]
[SourceTitle "playchess.com"]
[Source "ChessBase"]
[SourceQuality "1"]
[TimeControl "40/5400+30:1800+30"]

1. d4 d5 2. c4 c6 3. cxd5 cxd5 4. Nc3 Nf6 5. Nf3 Nc6 6. Bf4 a6 7. Rc1 Bf5 8. e3 e6 9. Qb3 Bb4 10. Ne5 Bxc3+ 11. bxc3 Nxe5 12. Bxe5 O-O 13. Qxb7 Qa5 14. Qb2 Rfc8 15. f3 Nd7 16. Bd6 Rc6 17. Qb7 Rxc3 18. Kf2 Rd8 19. Be2 Rxc1 20. Rxc1 Nf8 21. Rc8 e5 22. Qxa6 1-0

[Event "FIDE WYCC Open U18 2023"]
[Site "Montesilvano"]
[Date "2023.11.21"]
[Round "8.5"]
[White "Popov, Konstantin"]
[Black "Arfan, Aditya Bagus"]
[Result "1/2-1/2"]
[ECO "B12"]
[WhiteElo "2345"]
[BlackElo "2415"]
[Annotator "RC"]
[PlyCount "173"]
[EventDate "2023.11.13"]
[EventType "swiss"]
[EventCountry "ITA"]
[SourceTitle "playchess.com"]
[Source "ChessBase"]
[SourceQuality "1"]
[TimeControl "40/5400+30:1800+30"]

1. e4 c6 2. d4 d5 3. e5 Bf5 4. h4 h5 5. Bd3 Bxd3 6. Qxd3 e6 7. Nf3 Qa5+ 8. Nbd2 Nh6 9. O-O Nf5 10. a4 Be7 11. Nb3 Qa6 12. Qd1 Nd7 13. g3 Rc8 14. c3 g6 15. Bg5 Bxg5 16. Nxg5 c5 17. dxc5 Nxc5 18. Nd4 Qd3 19. Nxf5 Qxf5 20. Qe2 Qd3 21. Qe1 Nb3 22. Rd1 Qc2 23. Qe3 O-O 24. Rfe1 Rc4 25. Nf3 Kg7 26. Qxa7 Qxb2 27. Qxb7 Qc2 28. Ng5 Kg8 29. Qe7 Rxc3 30. Rb1 Nd4 31. Rb8 Rcc8 32. Rb7 Qc3 33. Kf1 Nf3 34. Nxf3 Qxf3 35. Kg1 Rc2 36. Rf1 Ra2 37. Rb4 Qc3 38. Qd6 Kg7 39. Rf4 Re2 40. Rb1 Qxe5 41. Qxe5+ Rxe5 42. a5 d4 43. Rxd4 Rxa5 44. Rb7 Rf5 45. Rd3 Ra8 46. Kg2 Ra2 47. Rf3 Rxf3 48. Kxf3 Kf6 49. Ke3 e5 50. Rc7 Ke6 51. Rb7 Ra4 52. Ke2 Rd4 53. Ke3 Rd7 54. Rb8 Kf5 55. Rf8 Re7 56. Kf3 Ra7 57. Re8 Ra3+ 58. Ke2 f6 59. Rg8 Ra1 60. Kf3 Ra3+ 61. Ke2 Ra7 62. Kf3 e4+ 63. Ke3 g5 64. hxg5 fxg5 65. Rf8+ Kg4 66. Kxe4 Re7+ 67. Kd3 h4 68. gxh4 gxh4 69. Rh8 Re1 70. f4 h3 71. f5 Re5 72. f6 Rf5 73. Ke2 Rxf6 74. Rg8+ Kh4 75. Rh8+ Kg3 76. Rg8+ Kh2 77. Rg7 Ra6 78. Kf1 Rf6+ 79. Ke2 Kh1 80. Rg8 Rf4 81. Rg7 Rb4 82. Kf1 h2 83. Rg8 Rb1+ 84. Kf2 Rg1 85. Rf8 Rg2+ 86. Kf1 Rf2+ 87. Kxf2 1/2-1/2

[Event "FIDE WYCC Open U18 2023"]
[Site "Montesilvano"]
[Date "2023.11.21"]
[Round "8.6"]
[White "Schouten, Mathias Lind"]
[Black "Juhasz, Agoston"]
[Result "0-1"]
[ECO "D38"]
[WhiteElo "2175"]
[BlackElo "2401"]
[Annotator "RC"]
[PlyCount "160"]
[EventDate "2023.11.13"]
[EventType "swiss"]
[EventCountry "ITA"]
[SourceTitle "playchess.com"]
[Source "ChessBase"]
[SourceQuality "1"]
[TimeControl "40/5400+30:1800+30"]

1. d4 Nf6 2. c4 e6 3. Nf3 d5 4. Nc3 Bb4 5. Qb3 c5 6. dxc5 Nc6 7. Bg5 Qa5 8. Bxf6 dxc4 9. Qxc4 gxf6 10. Rc1 Qxc5 11. Qh4 Ke7 12. e3 Bd7 13. Bd3 Bxc3+ 14. Rxc3 Qb4 15. Qxb4+ Nxb4 16. Bb1 Rac8 17. Kd2 Bc6 18. Rhc1 Rcg8 19. Ne1 f5 20. a3 Nd5 21. Rc5 h5 22. b4 a6 23. Bd3 Nf6 24. f3 Nd7 25. R5c3 Ne5 26. Bf1 Rd8+ 27. Ke2 Bb5+ 28. Kf2 Rd2+ 29. Kg1 Bxf1 30. Rc7+ Kf6 31. Kxf1 b5 32. Ra7 Nc4 33. Rc3 Rhd8 34. Rxa6 Ra2 35. a4 Nd2+ 36. Kg1 bxa4 37. b5 Nb3 38. b6 Rd1 39. Kf1 Rb1 40. b7 Nd2+ 41. Ke2 Rxb7 42. Rc2 Rxc2 43. Nxc2 Nb1 44. Kd1 Rd7+ 45. Kc1 Nc3 46. Kb2 Rd3 47. Nb4 Nd1+ 48. Kc2 Rd8 49. e4 Ne3+ 50. Kc3 Nxg2 51. Rxa4 fxe4 52. fxe4 Nf4 53. Ra5 Rd1 54. Ra2 Ke5 55. Ra7 f6 56. Rf7 h4 57. h3 Nxh3 58. Rh7 Nf2 59. Rxh4 Nxe4+ 60. Kc2 Rd2+ 61. Kc1 Rd6 62. Kc2 f5 63. Nd3+ Kd5 64. Nf4+ Kd4 65. Rh6 e5 66. Rxd6+ Nxd6 67. Ng2 Nc4 68. Nh4 Ke4 69. Kd1 Ne3+ 70. Ke2 Nd5 71. Nf3 Kf4 72. Nd2 e4 73. Nc4 Kg4 74. Nd6 Nf6 75. Nc4 Kg3 76. Ne3 f4 77. Nf5+ Kg2 78. Nh4+ Kg1 79. Nf5 f3+ 80. Ke3 f2 0-1